 Dungeon Crawl Stone Soup version 0.20.0 (webtiles) character file.

6800 BarneyGumball the Basher (level 11, 0/60 HPs)
             Began as a Gargoyle Abyssal Knight on June 3, 2017.
             Was an Elder of Lugonu.
             Slain by a two-headed ogre
             ... wielding a +0 giant club
              (27 damage)
             ... on level 8 of the Dungeon.
             The game lasted 01:08:05 (14428 turns).

BarneyGumball the Basher (Gargoyle Abyssal Knight) Turns: 14428, Time: 01:08:05

Health: 0/60       AC: 16    Str: 18    XL:     11   Next: 5%
Magic:  13/13      EV: 13    Int: 19    God:    Lugonu [****..]
Gold:   353        SH:  5    Dex: 11    Spells: 10/10 levels left

rFire    . . .     SeeInvis +   a - +2 mace
rCold    . . .     Gourm    .   C - +0 buckler
rNeg     + . .     Faith    .   A - +1 leather armour of the Mind {Int+7 Stlth+}
rPois    ∞         Spirit   .   l - +1 hat
rElec    +         Reflect  .   m - +0 cloak
rCorr    .         Harm     .   H - +0 pair of gloves of Spite {*Corrode +Blink SInv Stlth+} (curse)
MR       .....                  j - +0 pair of boots
Stlth    +++.......             (no amulet)
Regen    0.2/turn               J - +2 ring of evasion
MPRegen  0.2/turn               (no ring)

@: very slightly contaminated, invisible
A: negative energy resistance 1, electricity resistance, unbreathing,
petrification resistance, rot immunity, AC +7
a: Depart the Abyss, Bend Space, Banish, Corrupt, Renounce Religion, Evoke Blink


You were on level 8 of the Dungeon.
You worshipped Lugonu.
Lugonu was greatly pleased with you.
You were not hungry.

You visited 2 branches of the dungeon, and saw 11 of its levels.
You visited the Abyss 1 time.

You collected 476 gold pieces.
You spent 123 gold pieces at shops.

Inventory:

Hand Weapons
 a - a +2 mace (weapon)
Armour
 b - a +0 leather armour
 j - a +0 pair of boots (worn)
 l - a +1 hat (worn)
 m - a +0 cloak (worn)
 r - a +4 chain mail of poison resistance
 s - a scarf of spirit shield
 z - a +0 shield
 A - the +1 leather armour of the Mind (worn) {Int+7 Stlth+}
   (You found it on level 5 of the Dungeon)

   It affects your intelligence (+7).
   It makes you more stealthy.
 C - a +0 buckler (worn)
 H - the cursed +0 pair of gloves of Spite (worn) {*Corrode +Blink SInv Stlth+}
   (You found it on level 9 of the Dungeon)

   It lets you see invisible.
   It lets you blink.
   It may corrode you when you take damage.
   It makes you more stealthy.
   It has a curse placed upon it.
Jewellery
 J - a +2 ring of evasion (left hand)
Wands
 k - a wand of iceblast (5/15)
 w - a wand of lightning (4/15)
 B - a wand of acid (7/15)
 D - a wand of random effects (25/48)
 K - a wand of clouds (4/9)
Scrolls
 f - a scroll of enchant weapon
 i - 5 scrolls of remove curse
 n - 2 scrolls of teleportation
 o - a scroll of amnesia
 p - a scroll of recharging {unknown}
 v - 2 scrolls of fear
 x - a scroll of blinking {unknown}
 y - a scroll of fog {unknown}
 F - a scroll of noise {unknown}
 G - 3 scrolls of magic mapping {unknown}
 I - 2 scrolls of enchant armour {unknown}
 M - 2 scrolls of identify
Potions
 d - a potion of invisibility
 e - 2 potions of ambrosia {unknown}
 g - 2 potions of brilliance {unknown}
 t - a potion of flight {unknown}
 E - a potion of heal wounds {unknown}
 L - a potion of haste {unknown}
Comestibles
 c - 7 bread rations
 h - 5 fruits
 q - 6 meat rations
 u - 2 royal jellies


   Skills:
 - Level 3.2 Fighting
 * Level 13.8 Maces & Flails
 - Level 4.9 Armour
 - Level 0.7 Dodging
 - Level 5.8 Shields
 + Level 3.5 Invocations
 - Level 3.6 Evocations


You had 10 spell levels left.
You didn't know any spells.

Dungeon Overview and Level Annotations

Branches:
Dungeon (10/15)            Temple (1/1) D:4            Lair (0/6) D:10
    Orc: D:9-12

Altars:
Ashenzari
Cheibriados
Dithmenos
Elyvilon
Fedhas
Gozag
Hepliaklqana
Kikubaaqudgha
Makhleb
Nemelex Xobeh
Okawaru
Qazlal
Ru
Sif Muna
Trog
Uskayaw
Vehumet
Xom
Yredelemnul
Zin
The Shining One

Shops:
D:7 ?


Innate Abilities, Weirdness & Mutations

You are resistant to torment.
Your stone body is resilient. (AC +7)
You are immune to poison.
You resist negative energy. (rN+)
You are resistant to electric shocks. (rElec)
You can survive without breathing.
You are immune to petrification.
You are immune to rotting.


Message History

The two-headed ogre hits you with a giant club!
The two-headed ogre barely misses you.
You thump the two-headed ogre!
The two-headed ogre is severely wounded.
You barely miss the two-headed ogre.
The two-headed ogre is severely wounded.
The two-headed ogre barely misses you.
The two-headed ogre hits you with a giant club!!
Things that are here:
a jackal corpse x2
You fade into invisibility!
The two-headed ogre hits you but does no damage.
The two-headed ogre barely misses you.
You are very lightly contaminated with residual magic.
You hit the two-headed ogre.
The two-headed ogre is severely wounded.
You hit the two-headed ogre.
The two-headed ogre is severely wounded.
The two-headed ogre hits you with a giant club!!
You die...

#...####.# #.##...........
#......#.# #.##...#...#.#.
########...##.#.# #(##.........#.
............#.#.###.##...#.#...#.
#########..##.#..........#.#...#.
########........................
#.........##.#####.###........#.
#.........##.......###..####..#.
##.......>..†..O@[.........##..#.
.+.........###########...#..#..#.
##.......................##[#..#.
##........###...######...##.#..#.
..........# #)..# #...........
########.####..[######....##...#.
#..................##...#.
################........#.
#.......###...#.


You could see a two-headed ogre.

Vanquished Creatures
  Pikel (D:4)
  4 trolls
  A hippogriff (D:9)
  4 yaks
  A hungry ghost (D:8)
  The ghost of Gridlocked the Sneak, an amateur KoCK of Xom (D:3)
  2 orc warriors (D:5)
  A black bear (D:10)
  An ice beast (D:9)
  3 phantoms
  2 sky beasts
  A necrophage (D:8)
  A centaur (D:9)
  11 ogres
  2 wolves
  8 big kobolds
  5 bullfrogs
  A gnoll sergeant (D:4)
  A wyvern skeleton (D:8)
  2 scorpions
  A water moccasin zombie (D:8)
  3 killer bees (D:9)
  2 howler monkeys
  5 crimson imps
  2 bullfrog zombies
  A bullfrog skeleton (D:6)
  A quasit (D:7)
  A centaur zombie (D:8)
  Crazy Yiuf (D:7)
  2 hounds
  A jelly (D:6)
  2 orc wizards
  4 orc priests (D:10)
  An iguana (D:4)
  Terence (D:2)
  6 worker ants
  2 hound skeletons
  A worker ant zombie (D:8)
  6 adders
  3 gnolls (D:4)
  A shadow imp (D:7)
  An ooze (D:7)
  4 worms
  3 dart slugs
  8 leopard geckos
  22 orcs
  6 bats
  6 giant cockroaches
  8 hobgoblins
  6 jackals
  A quokka (D:8)
  4 frilled lizards
  12 goblins
  19 kobolds
  A leopard gecko skeleton (D:6)
  A leopard gecko zombie (D:5)
  10 rats
212 creatures vanquished.

Vanquished Creatures (others)
  A slave (D:5)
  A centaur (D:5)
  A crimson imp (D:5)
  An iguana (D:5)
  A worker ant (D:5)
  A leopard gecko (D:3)
6 creatures vanquished.

Grand Total: 218 creatures vanquished

Notes
Turn   | Place    | Note
-------+----------+-------------------------------------------
     0 | Abyss:1  | BarneyGumball the Gargoyle Abyssal Knight began the quest for the Orb.
     0 | Abyss:1  | Reached XP level 1. HP: 14/14 MP: 2/2
    45 | Abyss:1  | Noticed a thrashing horror
    45 | D:1      | Escaped the Abyss
   166 | D:1      | Reached * piety under Lugonu
   173 | D:1      | Reached XP level 2. HP: 16/19 MP: 3/3
   342 | D:1      | Reached skill level 3 in Maces & Flails
   632 | D:2      | Reached XP level 3. HP: 23/23 MP: 4/4
  1228 | D:2      | Found a shattered altar of Ashenzari.
  1298 | D:2      | Reached skill level 4 in Maces & Flails
  1298 | D:2      | Reached XP level 4. HP: 21/28 MP: 5/5
  1418 | D:2      | Found a deep blue altar of Sif Muna.
  1520 | D:2      | Reached ** piety under Lugonu
  1624 | D:3      | Noticed Gridlocked's ghost (amateur KoCK)
  1635 | D:3      | Paralysed by Gridlocked's ghost for 5 turns
  1641 | D:3      | Noticed Terence
  1925 | D:2      | Killed Terence
  2365 | D:3      | Reached skill level 5 in Maces & Flails
  2365 | D:3      | Reached XP level 5. HP: 32/32 MP: 6/6
  2477 | D:3      | Paralysed by Gridlocked's ghost for 6 turns
  2502 | D:3      | Killed Gridlocked's ghost
  2502 | D:3      | Reached skill level 6 in Maces & Flails
  2502 | D:3      | Reached XP level 6. HP: 33/37 MP: 7/7
  3031 | D:4      | Found a staircase to the Ecumenical Temple.
  3038 | Temple   | Entered the Ecumenical Temple
  3199 | D:4      | Found a blossoming altar of Fedhas.
  3375 | D:5      | Entered Level 5 of the Dungeon
  3663 | D:5      | Reached skill level 7 in Maces & Flails
  3694 | D:5      | Noticed a slave
  3695 | D:5      | Noticed Pikel
  3695 | D:5      | Noticed a slave
  3696 | D:5      | Noticed a slave
  3718 | D:5      | Noticed a slave
  3764 | D:4      | Killed Pikel
  3764 | D:4      | Reached skill level 9 in Maces & Flails
  3764 | D:4      | Reached XP level 7. HP: 26/41 MP: 8/8
  3764 | D:4      | Reached XP level 8. HP: 29/46 MP: 9/9
  4153 | D:5      | Got a slimy leather armour
  4164 | D:5      | Identified the cursed +1 leather armour of the Mind {Int+7 Stlth+} (You found it on level 5 of the Dungeon)
  4744 | D:6      | Reached skill level 10 in Maces & Flails
  4931 | D:6      | Found an ancient bone altar of Kikubaaqudgha.
  4934 | D:6      | Found a sacrificial altar of Ru.
  4937 | D:6      | Found an opulent altar of Gozag.
  4952 | D:6      | Found a basalt altar of Yredelemnul.
  5040 | D:6      | Reached skill level 1 in Shields
  5377 | D:6      | Reached *** piety under Lugonu
  6308 | D:7      | Found Jyofeen's Magic Scroll Shoppe.
  6327 | D:7      | Bought a scroll of identify for 26 gold pieces
  6327 | D:7      | Bought a scroll of vulnerability for 97 gold pieces
  6506 | D:7      | Reached XP level 9. HP: 50/51 MP: 10/10
  6932 | D:7      | Found a runed door.
  6936 | D:7      | Noticed Crazy Yiuf
  6944 | D:7      | Killed Crazy Yiuf
  7244 | D:8      | Reached skill level 5 in Shields
  7439 | D:8      | Reached skill level 11 in Maces & Flails
  9203 | D:9      | Got a pair of fine gloves
  9209 | D:9      | Identified the cursed +0 pair of gloves of Spite {*Corrode +Blink SInv Stlth+} (You found it on level 9 of the Dungeon)
  9374 | D:9      | Noticed a troll
  9405 | D:10     | Entered Level 10 of the Dungeon
  9463 | D:10     | Found a staircase to the Lair.
  9463 | D:10     | Noticed a troll
 10246 | D:9      | Reached XP level 10. HP: 53/56 MP: 11/11
 10432 | D:9      | Reached skill level 12 in Maces & Flails
 10536 | D:9      | Reached **** piety under Lugonu
 10739 | D:9      | Found a burning altar of Makhleb.
 10946 | D:9      | Reached skill level 1 in Evocations
 12218 | D:9      | Reached skill level 13 in Maces & Flails
 14016 | D:9      | Reached XP level 11. HP: 58/60 MP: 13/13
 14056 | D:10     | Noticed a two-headed ogre
 14428 | D:8      | Slain by a two-headed ogre

Skill      XL: |  1  2  3  4  5  6  7  8  9 10 |
---------------+-------------------------------+-----
Maces & Flails | 3 4 5 6 9 10 11 13 | 13.8
Shields        | 3 5 |  5.8
Armour         | 4 |  4.9
Evocations     | 3 |  3.6
Invocations    | 3 |  3.5
Fighting       | |  3.2
Dodging        | |  0.7

Action                   |  1- 3 |  4- 6 |  7- 9 | 10-12 || total
-------------------------+-------+-------+-------+-------++-------
Melee: Mace              |   110 |   279 |   474 |   440 ||  1303
Invok: Depart the Abyss  |     1 |       |       |       ||     1
       Bend Space        |       |       |     4 |     9 ||    13
Evoke: Wand              |       |       |       |     2 ||     2
  Use: Scroll            |       |     1 |     8 |     1 ||    10
       Potion            |       |       |     1 |     1 ||     2
 Stab: Sleeping          |       |       |     5 |     5 ||    10
       Distracted        |       |       |     1 |     1 ||     2
       Invisible         |       |       |     1 |       ||     1
  Eat: Chunk             |     1 |     8 |    15 |    13 ||    37
       Fruit             |       |       |     6 |       ||     6
       Bread ration      |       |       |     1 |       ||     1
Armor: Leather armour    |    46 |    25 |   136 |   186 ||   393
       Chain mail        |       |   154 |    19 |       ||   173
Dodge: Dodged            |    82 |    98 |   191 |   247 ||   618
Block: Buckler           |       |       |    52 |    94 ||   146
